 Dungeon Crawl Stone Soup version 0.29.1-12-g30fa7ad0bf (webtiles) character file.

Game seed: 2238855519776090542

2 Descartes the Grasshopper (level 1, 0/10 HPs)
             Began as a Spriggan Wanderer on Jan 4, 2023.
             Slain by a kobold
             ... wielding a +0 short sword
              (4 damage)
             ... on level 1 of the Dungeon.
             The game lasted 00:00:52 (93 turns).

Descartes the Grasshopper (Spriggan Wanderer)         Turns: 93, Time: 00:00:52

Health: 0/10       AC:  2    Str: 10    XL:     1   Next: 33%
Magic:  3/3        EV: 14    Int: 14    God:
Gold:   10         SH:  5    Dex: 11    Spells: 1/2 levels left

rFire   . . .      SeeInvis +   a - +0 dagger
rCold   . . .      Faith    .   c - +0 buckler
rNeg    . . .      Spirit   .   d - +0 robe
rPois   .          Reflect  .   (helmet restricted)
rElec   .          Harm     .   (no cloak)
rCorr   .          Rampage  .   (gloves unavailable)
Will    .....                   (boots unavailable)
Stlth   +.........              (no amulet)
HPRegen 0.03/turn               (no ring)
MPRegen 0.08/turn               (no ring)

@: very quick
A: very small, no large weapons, unfitting armour, see invisible, speed 3
a: no special abilities


You were on level 1 of the Dungeon.
You visited 1 branch of the dungeon, and saw 1 of its levels.

You collected 10 gold pieces.

Inventory:

Hand Weapons
 a - a +0 dagger (weapon)
Armour
 c - a +0 buckler (worn)
 d - a +0 robe (worn)
Scrolls
 e - 2 scrolls of blinking
 f - a scroll of enchant armour {unknown}
Potions
 b - a potion of might


   Skills:
 - Level 1.0 Fighting
 + Level 0.0 Short Blades
 + Level 0.0 Ranged Weapons
 + Level 0.2 Dodging
 + Level 0.1 Stealth
 + Level 1.4 Shields
 - Level 1.5 Unarmed Combat
 + Level 1.4 Spellcasting
 + Level 4.4 Translocations
 + Level 1.5 Evocations


You had one spell level left.
You knew the following spells:

 Your Spells              Type           Power      Damage    Failure   Level
a - Apportation           Tloc           26%        N/A       9%          1

Your spell library contained the following spells:

 Spells                   Type           Power      Damage    Failure   Level
 Portal Projectile        Hex/Tloc       14%        N/A       54%         3


Dungeon Overview and Level Annotations

Branches:
Dungeon (1/15)

Altars:


Innate Abilities, Weirdness & Mutations

You are very small and have problems with some larger weapons.
You are too small for most types of armour.
You have supernaturally acute eyesight. (SInv)
You cover ground extremely quickly. (Speed+++)


Message History

The slug dart hits you.
A hobgoblin comes into view.
The hobgoblin shouts!
You hit the dart slug but do no damage.
The dart slug is moderately wounded.
You block the dart slug's attack.
You hit the dart slug but do no damage.
The dart slug is lightly wounded.
The dart slug completely misses you.
You hit the dart slug.
The dart slug is moderately wounded.
The hobgoblin closely misses you. You block the dart slug's attack.
The dart slug launches a dart at you. The slug dart misses you.
The dart slug launches a dart at you. The slug dart hits you.
The dart slug launches a dart at you. You block the slug dart.
The hobgoblin falls through a shaft!
The shaft crumbles and collapses.
The dart slug launches a dart at you. The slug dart misses you.
A ball python comes into view.
The ball python hisses angrily.
The ball python barely misses you. You block the ball python's attack.
You hit the ball python but do no damage.
The ball python bites you.
* * * LOW HITPOINT WARNING * * *
The ball python closely misses you.
You hit the ball python.
The ball python is severely wounded.
The ball python closely misses you. The ball python barely misses you.
You hit the ball python.
You kill the ball python!
You see here a ball python corpse.
A kobold comes into view. It is wielding a +0 short sword.
The kobold shouts!
The dart slug launches a dart at you. The slug dart misses you.
The kobold hits you with a +0 short sword.
You die...

+# ###...##?..##
## #.........#.#
..........w.# #
..#.........##
.....#.###.#.##
#....### ##...#
####. #####w#
######.####.....#
......K@...g.†..#
#####..####.....#
#.. #.....# #..
..###### #..#.##
...# #.#. #.#.


You could see a hobgoblin and a kobold.

Vanquished Creatures
  2 ball pythons (D:1)
  A bat (D:1)
  A rat (D:1)
4 creatures vanquished.

Notes
Turn   | Place    | Note
-------+----------+-------------------------------------------
     0 | D:1      | Descartes the Spriggan Wanderer began the quest for the
                  | Orb.
     0 | D:1      | Descartes set off with the following items: a +0 dagger, a
                  | potion of might, a +0 buckler, a +0 robe, 2 scrolls of
                  | blinking; and the following spell memorised: Apportation;
                  | and the following spells available to memorise: Portal
                  | Projectile.
     0 | D:1      | Reached XP level 1. HP: 10/10 MP: 3/3
    93 | D:1      | Slain by a kobold

Illustrated notes

Levels and vault maps discovered:
D:1:      elethiomel_arrival_infinity_welcomes_careful_drivers,
          layout_loops_cross, serial_co_window_serial, co_window_paths_a,
          co_window_corner_a, co_window_of_opportunity_a, co_window_paths_a,
          co_window_paths_a, co_window_paths_b, co_window_corner_a,
          co_window_corner_a, co_window_corner_a, co_window_2corner,
          co_window_corner_b, co_window_broadway_a, co_window_unsneaky_path_a,
          co_window_cross_2, co_window_corner_b, glass_columns_b,
          glass_columns_c, glass_columns_b, glass_columns_a,
          corexii_hall_statues_i

Action                   || total
-------------------------++-------
Melee: Dagger            ||    12
 Stab: Sleeping          ||     1
Armor: Robe              ||     4
Dodge: Dodged            ||    12
Block: Buckler           ||     6
